[Event "Late-Titled-Tuesday-Blitz-August-29-2023"]
[Site "Chess.com"]
[Date "2023.08.29"]
[Round "9"]
[White "YEIKO2017"]
[Black "S-Fazulyanov"]
[Result "1-0"]
[WhiteElo "2476"]
[BlackElo "2555"]
[TimeControl "180+1"]
[EndTime "15:44:05 PDT"]
[Termination "YEIKO2017 won on time"]

1. e4 c5 2. Nf3 Nc6 3. Bb5 g6 4. c3 Bg7 5. d4 cxd4 6. cxd4 Qa5+ 7. Nc3 Nf6 8. Qe2 a6 9. Bxc6 dxc6 10. h3 O-O 11.
O-O h6 12. e5 Nd5 13. Ne4 Bf5 14. Ng3 Be6 15. a4 Nb6 16. Bf4 Bc4 17. Qe3 Nd5 18. Qd2 Qxd2 19. Bxd2 Bxf1 20. Kxf1 a5 21. Ne4 Rfd8 22. Rc1 Nb4 23. Ke2 b5 24. Nc5 Nd5 25. Nb7 Rdb8 26. Nxa5 bxa4 27. Nxc6 Rxb2 28. Kd3 a3 29. Ra1 a2 30. Ke4 Rb1 31. Rxa2 Nc3+ 32. Bxc3 Rxa2 33. Nxe7+ Kh7 34. d5 Rxf2 35. d6 Bf8 36.
Nd5 Rxg2 37. Nf6+ Kg7 38. d7 Be7 39. e6 fxe6 40. Ne8+ Kf7 41. Ne5+ Kf8 42. Kf3 Rc2 43. Nxg6+ Kf7 44. Ne5+ Kg8 45. Bd4 Rb8 46. Ke4 Rd2 47. Nc6 Kf7 48. Nxb8 Bg5 49. Nc6 e5 50. Nxe5+ Ke7 51.
Kd5 Kd8 52. Nd6 Ke7 53. Nf5+ Kd8 54. Ke6 Kc7 55. Nc6 Kxc6 56. d8=Q Re2+ 57. Be5 Rd2 58.
Qxd2 Bf6 59. Bxf6 Kb5 60. Qc3 1-0

[Event "Late-Titled-Tuesday-Blitz-August-29-2023"]
[Site "Chess.com"]
[Date "2023.08.29"]
[Round "9"]
[White "Jaka_Brilej"]
[Black "ilya2700"]
[Result "1-0"]
[WhiteElo "2507"]
[BlackElo "2134"]
[TimeControl "180+1"]
[EndTime "15:44:08 PDT"]
[Termination "Jaka_Brilej won on time"]

1. d4 d5 2. Nf3 Nf6 3. e3 c6 4. Bd3 Bg4 5. O-O Nbd7 6. Nbd2 e6 7. b3 Bd6 8. Bb2 Bf5 9. Qe2 Ne4 10. c4 O-O 11. Rad1 Qf6 12. h3 g5 13. Nh2 Nxd2 14.
Rxd2 Bxd3 15. Qxd3 Bxh2+ 16. Kxh2 Rfe8 17. f4 g4 18.
hxg4 Qh4+ 19. Kg1 Qxg4 20. Rf3 Nf6 21. Rh3 Ne4 22. Rc2 f5 23. Ba3 Kh8 24. Qe2 Rg8 25. Qxg4 Rxg4 26. Kh2 Kg7 27. Bb4 Rg8 28. Be1 Kg6 29.
Re2 h5 30. Rc2 Kh6 31. Bh4 Nd6 32. Bg5+ Kg6 33. Rg3 Rxg3 34. Kxg3 Ne4+ 35. Kh4 Rd8 36. c5 Re8 37. b4 Rb8 38. Rb2 b6 39.
Be7 bxc5 40. dxc5 Re8 41. Bg5 Rb8 42. a4 Nxc5 43. Rc2 Nxa4 44. Rxc6 Rxb4 45. Rxe6+ Kf7 46. Rf6+ Kg7 47. Rxf5 Rb1 48. Rxd5 Rh1+ 49. Kg3 Nc3 50. Rd7+ Kg6 51. Rd6+ Kf5 52. Rf6+ Ke4 53. Re6+ Kd5 54.
Re5+ Kd6 55. Be7+ Kd7 56. f5 Ne2+ 57. Kf2 Nc3 58. f6 Nd1+ 59. Kg3 Rf1 60. e4 Ne3 61. Kh4 Nxg2+ 62. Kxh5 Nf4+ 63. Kh6 Rh1+ 64. Kg7 Ne6+ 65. Kf7 Rh7+ 66. Kg6 Rh1 67. Rd5+ Ke8 68. Bb4 Nf4+ 69. Kg7 Nxd5 70. f7+ Kd7 71. f8=Q Rg1+ 72. Kh6 Rh1+ 73. Kg5 Rg1+ 74. Kh4 Nf4 75. Qxf4 Rh1+ 76. Kg3 1-0

[Event "Late-Titled-Tuesday-Blitz-August-29-2023"]
[Site "Chess.com"]
[Date "2023.08.29"]
[Round "9"]
[White "Mesa_1"]
[Black "Apocalyps999"]
[Result "1-0"]
[WhiteElo "2539"]
[BlackElo "2325"]
[TimeControl "180+1"]
[EndTime "15:44:15 PDT"]
[Termination "Mesa_1 won on time"]

1. Nf3 d5 2. d4 Nf6 3. Bf4 Bf5 4.
c4 e6 5. e3 Be7 6. Nc3 O-O 7.
Qb3 b6 8. cxd5 exd5 9. Rc1 c6 10. Be2 h6 11. Ne5 Nfd7 12. Bf3 Nxe5 13. Bxe5 Nd7 14. Bf4 Nf6 15. h3 Bd3 16. Qd1 Ba6 17. Qa4 Bb7 18. O-O Bd6 19. Bxd6 Qxd6 20. Be2 Rfc8 21. Ba6 Bxa6 22.
Qxa6 Qd7 23. Rc2 Ne8 24. Rfc1 Nd6 25. b3 g5 26. a4 h5 27. Qe2 g4 28. hxg4 hxg4 29. e4 dxe4 30. Nxe4 Nxe4 31. Qxe4 Rd8 32. Rxc6 Qxd4 33. Qf5 Qg7 34. R6c4 Rd4 35. Rc8+ Rd8 36. R8c4 Rd4 37. Rxd4 Qxd4 38. Rc4 Qa1+ 39. Kh2 Qh8+ 40. Kg3 Rd8 41. Qxg4+ Kf8 42. Rc8 Qf6 43. Rxd8+ Qxd8 44. Qc4 Qg5+ 45. Kf3 Qf5+ 46. Ke2 Qe5+ 47. Kf1 Qb2 48. g3 Qb1+ 49. Kg2 Qa2 50. g4 Kg7 51. Kg3 Qa1 52. Qd3 Qa3 53. g5 Qc5 54. f4 Qc7 55. Qd4+ Kg8 56. Kf3 Qc1 57. Qe3 Qh1+ 58. Ke2 Qg2+ 59.
Kd3 Qd5+ 60. Kc3 Qc6+ 61. Kb2 Qg2+ 62. Ka3 Qd5 63. Qe8+ Kh7 64. Qe3 Qd6+ 65. Kb2 Kg8 66. Kc3 Qc6+ 67. Kd2 b5 68. Qxa7 Qd5+ 69. Kc3 Qc6+ 70.
Kb2 1-0

[Event "Late-Titled-Tuesday-Blitz-August-29-2023"]
[Site "Chess.com"]
[Date "2023.08.29"]
[Round "9"]
[White "UgarteCesar"]
[Black "Laico"]
[Result "1-0"]
[WhiteElo "2269"]
[BlackElo "2387"]
[TimeControl "180+1"]
[EndTime "15:44:20 PDT"]
[Termination "UgarteCesar won by checkmate"]

1. d4 e6 2. Nf3 f5 3. e3 b6 4. Bd3 Bb7 5. Nbd2 Nf6 6. O-O Be7 7.
Qe2 Ne4 8. c4 O-O 9. b3 Qe8 10.
Bb2 d6 11. Ne1 Qg6 12. f3 Nxd2 13. Qxd2 Nd7 14. Nc2 Bg5 15. Rae1 Nf6 16. Qe2 Bh4 17. g3 Nh5 18. Qg2 Bf6 19. e4 fxe4 20. Bxe4 Bxe4 21. fxe4 e5 22. d5 Bg5 23. Bc1 Nf6 24. Bxg5 Qxg5 25. Rf5 Qg4 26. Qe2 Qh3 27. Qg2 Qg4 28. Qe2 Qg6 29.
Ref1 a5 30. Ne1 Nd7 31. Ng2 Rxf5 32. Rxf5 Rf8 33. Nh4 Qe8 34. Qf3 Nc5 35. Kg2 Qe7 36. Qg4 Rxf5 37. Nxf5 Qf6 38. h4 g6 39. Nh6+ Kg7 40. Nf5+ Kf8 41. Ne3 Qe7 42. Qf3+ Qf7 43. Ng4 Qxf3+ 44. Kxf3 Kg7 45. Nf2 Kf6 46. g4 h6 47. Ke3 Kg7 48. Nd3 Nxd3 49. Kxd3 Kf6 50. Ke3 g5 51. h5 Ke7 52. a3 Kd7 53. b4 axb4 54. axb4 Kc8 55. Kd3 Kb7 56. Kc3 Ka6 57. Kb3 Kb7 58. Ka4 Ka6 59. Kb3 Kb7 60. Ka3 Ka6 61. Ka4 b5+ 62. cxb5+ Kb6 63. Ka3 Kxb5 64.
Kb3 Kb6 65. Kc4 Ka6 66. Kc3 Kb6 67. Kc4 Ka6 68. Kd3 Kb5 69. Kc3 Ka4 70. Kc4 Ka3 71. Kb5 Kb3 72. Kc6 Kxb4 73. Kxc7 Kc5 74. Kd7 Kd4 75.
Kxd6 Kxe4 76. Kc6 Kf4 77. d6 e4 78. d7 Kxg4 79. d8=Q Kf3 80. Kd5 e3 81. Qf6+ Kg4 82.
Ke4 e2 83. Qf2 Kxh5 84. Qxe2+ Kh4 85. Kf5 h5 86. Qh2# 1-0

[Event "Late-Titled-Tuesday-Blitz-August-29-2023"]
[Site "Chess.com"]
[Date "2023.08.29"]
[Round "9"]
[White "GoltsevDmitry2000"]
[Black "Mourinho_Jose"]
[Result "1/2-1/2"]
[WhiteElo "2627"]
[BlackElo "2513"]
[TimeControl "180+1"]
[EndTime "15:44:29 PDT"]
[Termination "Game drawn by stalemate"]

1. e4 e5 2. Nf3 Nf6 3. Nxe5 d6 4.
Nf3 Nxe4 5. d3 Nf6 6. d4 d5 7. c4 Be7 8. Nc3 O-O 9. Bd3 dxc4 10. Bxc4 Bg4 11. O-O Nc6 12. Bg5 Bxf3 13. Qxf3 Qxd4 14. Bb3 Qe5 15. Bh4 Qh5 16. Qf4 Bd6 17. Qa4 Ng4 18. h3 Qxh4 19. Qxg4 Qxg4 20. hxg4 Nd4 21. Bd1 Rfe8 22.
Rc1 Ne6 23. g3 Be5 24. Bf3 Bxc3 25. Rxc3 c6 26. Rd1 Rad8 27. Rcd3 Rxd3 28. Rxd3 Rd8 29.
Ra3 a6 30. Kg2 Kf8 31. Be4 h6 32. Bf5 Nd4 33. Be4 Ke7 34. Re3 Kf6 35. Rd3 Ne6 36. Rb3 Nc5 37. Rf3+ Ke7 38. Bc2 Rd2 39. Rc3 Ne6 40. b3 Nd4 41. Bb1 Rb2 42. Rc1 Kd6 43. Rd1 Kc5 44. Rc1+ Kd5 45. Re1 Kd6 46. Rd1 Ke5 47.
Re1+ Kf6 48. Rd1 Ne6 49. Kg1 c5 50. f4 Nd4 51. Be4 Ne2+ 52. Kf1 Nxg3+ 53. Kg1 Nxe4 54. Rd7 b5 55. a4 Rxb3 56. a5 c4 57. Rc7 c3 58.
Kg2 Rb2+ 59. Kf3 Nd6 60. Rxc3 Nc4 61. Ke4 Ra2 62. Rd3 Rxa5 63. Rd7 g5 64. f5 Ra4 65.
Rc7 Nd6+ 66. Kd5 Ne8 67. Rc6+ Kg7 68. Ke5 Nf6 69. Rb6 Re4+ 70. Kd6 b4 71. Rxa6 b3 72. Rb6 Re3 73. Rb7 Rd3+ 74. Ke5 Rg3 75. Rb4 Nxg4+ 76.
Kd6 Nf6 77. Ke7 Re3+ 78. Kd6 g4 79. Rc4 g3 80. Rc1 g2 81. Rg1 Re2 82. Rb1 b2 83. Rc1 bxc1=Q 1/2-1/2

[Event "Late-Titled-Tuesday-Blitz-August-29-2023"]
[Site "Chess.com"]
[Date "2023.08.29"]
[Round "9"]
[White "FaustinoOro"]
[Black "burbur555"]
[Result "1/2-1/2"]
[WhiteElo "2869"]
[BlackElo "2597"]
[TimeControl "180+1"]
[EndTime "15:44:30 PDT"]
[Termination "Game drawn by repetition"]

1. e4 d5 2. exd5 Qxd5 3. Nc3 Qd6 4. d4 c6 5. Nf3 Nf6 6. Bc4 Be6 7. Bd3 Nbd7 8. O-O g6 9. h3 Bg7 10. Ng5 Bd5 11. Nxd5 cxd5 12. Re1 O-O 13. Nf3 e6 14. c3 Qc7 15. Bg5 Qc6 16. Qe2 a6 17. a4 Ne8 18.
Be7 Nd6 19. Bxf8 Rxf8 20. a5 Rc8 21. Nd2 Bf6 22. Nf3 Bd8 23. Ne5 Nxe5 24. Qxe5 Bc7 25.
Qf6 Qd7 26. h4 Ne8 27. Qf3 Ng7 28. g3 Qd8 29. b4 Bd6 30. Bf1 Bc7 31. Qd3 Qd6 32.
b5 axb5 33. Qxb5 Nf5 34. Bg2 Rb8 35. Reb1 Qd8 36. a6 bxa6 37. Qxa6 Rxb1+ 38. Rxb1 Bd6 39. Qb6 Qf8 40. Qc6 h5 41. Rb7 Qd8 42. Qd7 Qxd7 43. Rxd7 Ba3 44. Bf1 Bb2 45. Rc7 Nd6 46. Bd3 Kf8 47.
Kf1 Ne8 48. Rc8 Ke7 49. Ke2 Nd6 50. Rc5 Ne8 51. Kd2 Ba3 52. Ra5 Bd6 53. Ra7+ Kf8 54. Kc2 Nf6 55. Kd2 Ng4 56. Ke2 Nf6 57. c4 dxc4 58. Bxc4 Bb4 59. Rb7 Bc3 60. Kd3 Be1 61.
Ke2 Bc3 62. Ke3 Ng4+ 63. Kd3 Be1 64. f3 Nf6 65. g4 hxg4 66. fxg4 Bxh4 67. Rb8+ Kg7 68.
Rb7 Kf8 69. Bb5 Nxg4 70. Bc6 Nf6 71. Bf3 Bg3 72. Kc4 Bf4 73. Kc5 g5 74. Kc6 g4 75.
Bg2 Kg7 76. Rb1 Be3 77. d5 exd5 78. Bxd5 Nxd5 79. Kxd5 Kg6 80. Ke4 Bf2 81. Kf4 g3 82.
Kf3 f5 83. Rb8 Kg5 84. Rg8+ Kf6 85. Rf8+ Kg6 86. Rg8+ Kf6 87. Rf8+ Ke5 88. Re8+ Kf6 89. Rf8+ 1/2-1/2

[Event "Late-Titled-Tuesday-Blitz-August-29-2023"]
[Site "Chess.com"]
[Date "2023.08.29"]
[Round "9"]
[White "effefe"]
[Black "The_Princess_Moon"]
[Result "1-0"]
[WhiteElo "2396"]
[BlackElo "2216"]
[TimeControl "180+1"]
[EndTime "15:44:33 PDT"]
[Termination "effefe won by checkmate"]

1. d4 c5 2. d5 d6 3. c4 e5 4. Nc3 Nf6 5. e4 g6 6. Be3 Bg7 7. f3 Na6 8. Qd2 Nc7 9. g4 a6 10. h4 h5 11. g5 Nd7 12. a4 Rb8 13. Bd3 Kf8 14. Nge2 Kg8 15. Ng3 Nf8 16. Nf5 gxf5 17. exf5 e4 18. Bxe4 Bxc3 19. Qxc3 Nd7 20. Bf4 Qe7 21.
O-O-O b5 22. Rhg1 bxc4 23. g6 f6 24. Rde1 Ne5 25. Bxe5 dxe5 26. d6 Qxd6 27. Qxc4+ Ne6 28. Bd5 Kg7 29. Bxe6 Qb6 30. Rg2 Bxe6 31. fxe6 Qb4 32. Re4 Qb3 33. Qxb3 Rxb3 34. Rc4 Rc8 35. e7 Rb7 36.
e8=Q Rxe8 37. Rxc5 Ree7 38. Rc6 Rb4 39. Rxa6 Rxh4 40.
a5 Rc4+ 41. Kb1 h4 42. Rb6 Ra4 43. a6 h3 44. Rh2 Kxg6 45. Rxh3 Ra7 46. Rg3+ Kf5 47.
b4 R4xa6 48. Rb8 Ra1+ 49. Kb2 R7a2+ 50. Kb3 Ra3+ 51. Kc4 Kf4 52. Rg6 Rc1+ 53. Kb5 f5 54.
Rf6 Rb3 55. Rbf8 Rcb1 56. Rxf5+ Ke3 57. Rxe5+ Kf2 58. Re4 Rxf3 59. Rxf3+ Kxf3 60. Re8 Kf4 61. Kc5 Rc1+ 62. Kb6 Kf5 63. b5 Kf6 64. Ka7 Ra1+ 65.
Kb7 Kf7 66. Re2 Rb1 67. b6 Rc1 68. Kb8 Rb1 69. b7 Rc1 70. Re5 Kf6 71. Ra5 Ke6 72. Ka7 Rc7 73. Rb5 Kd6 74. Ka8 Kc6 75. Rb1 Rh7 76.
b8=Q Rh5 77. Rc1+ Rc5 78. Qb7+ Kd6 79. Rxc5 Ke6 80. Ka7 Kd6 81. Qb6+ Kd7 82. Rc7+ Kd8 83. Qb8# 1-0

[Event "Late-Titled-Tuesday-Blitz-August-29-2023"]
[Site "Chess.com"]
[Date "2023.08.29"]
[Round "9"]
[White "ozates"]
[Black "Ncatt"]
[Result "0-1"]
[WhiteElo "2564"]
[BlackElo "2465"]
[TimeControl "180+1"]
[EndTime "15:44:43 PDT"]
[Termination "Ncatt won by resignation"]

1. e4 c5 2. Nf3 Nc6 3. d4 cxd4 4. Nxd4 Nf6 5. Nc3 e6 6. Be2 Bb4 7. O-O Bxc3 8. bxc3 Nxe4 9. Qd3 d5 10. Ba3 Ne7 11. c4 O-O 12. cxd5 exd5 13. c4 Be6 14. Nxe6 fxe6 15.
Bg4 Rf6 16. cxd5 Qxd5 17. Qh3 Ng6 18. Rad1 Qxa2 19. Ra1 Qc2 20. Bxe6+ Kh8 21. Bb3 Qc3 22. Qxc3 Nxc3 23. Rfe1 h6 24. Bb2 Rc6 25. Re3 Nf4 26.
g3 Nfd5 27. Rd3 Rc5 28. Re1 Rac8 29. Re5 Rb5 30. Bxd5 Rxb2 31. Be6 Rc7 32. Rd8+ Kh7 33. Bf5+ g6 34. Bd3 Rb6 35. Ree8 Rbc6 36. h4 Kg7 37.
Rg8+ Kf7 38. Rdf8+ Ke7 39. Bxg6 Nd5 40. Rf7+ Kd6 41.
Rd8+ Kc5 42. Rf5 Rd6 43. Rxd6 Kxd6 44. Bf7 Ne7 45. Rf6+ Kd7 46. Rxh6 a5 47. Be6+ Kd6 48. Bb3+ Kc5 49. Re6 Kb4 50. Bd1 a4 51. Kg2 a3 52.
Re2 b5 53. h5 Nd5 54. h6 Nc3 55. Rd2 Nxd1 56. Rxd1 Rh7 57. g4 a2 58. g5 Kb3 59. Kg3 Kc2 60. Rh1 b4 61. Kg4 b3 62.
Kh5 b2 63. g6 Rxh6+ 64. Kxh6 a1=Q 65. Rxa1 bxa1=Q 66. g7 Qf6+ 67. Kh7 Qh4+ 68. Kg6 Qg4+ 69. Kh7 Qh5+ 70. Kg8 Kd3 71. Kf8 Qf5+ 72. Ke7 Qe5+ 73. Kf7 Qf5+ 74. Ke7 Qg6 75. Kf8 Qf6+ 76. Kg8 Ke4 77.
Kh7 Qh4+ 78. Kg6 Qg4+ 79. Kh6 Qf4+ 80. Kg6 Qg4+ 81. Kf6 Kd5 82. Kf7 Qe6+ 83. Kf8 Qf6+ 84. Kg8 Ke6 85. Kh7 Qh4+ 86. Kg6 Qg4+ 87. Kh6 Kf7 0-1

[Event "Late-Titled-Tuesday-Blitz-August-29-2023"]
[Site "Chess.com"]
[Date "2023.08.29"]
[Round "9"]
[White "ErikRonka"]
[Black "lamomiajunior"]
[Result "1/2-1/2"]
[WhiteElo "2503"]
[BlackElo "2719"]
[TimeControl "180+1"]
[EndTime "15:45:03 PDT"]
[Termination "Game drawn - insufficient material"]

1. e4 c6 2. d4 d5 3. Nd2 dxe4 4.
Nxe4 Nf6 5. Nxf6+ exf6 6. c3 Bd6 7. Bd3 O-O 8. Qc2 Re8+ 9. Ne2 h5 10. O-O h4 11. h3 Nd7 12. Bd2 Nf8 13. Rae1 g6 14. c4 Be6 15. Nc3 Qd7 16. Ne4 Be7 17. Bc3 f5 18. Nd2 Rad8 19. Nf3 Qc7 20. Re2 a6 21. Rfe1 b5 22. b3 Bf6 23. Qd2 Qb8 24.
Qh6 bxc4 25. bxc4 c5 26. Ba5 Rxd4 27. Nxd4 cxd4 28. Bd2 Qd8 29. Qf4 Nd7 30. Qd6 Nb8 31. Qxd8 Rxd8 32. Rb1 Nd7 33. Bb4 Ne5 34. Ba5 Rc8 35.
Rd2 Nxd3 36. Rxd3 Rxc4 37. Bb6 Bd5 38. Rbd1 Be4 39. R3d2 d3 40. f3 Bc6 41. Rxd3 Ra4 42. R3d2 Bb5 43. Bf2 Bg5 44. Rc2 Ra3 45. Rb2 Ra4 46.
Rdb1 Rc4 47. Rb3 Rc2 48. a4 Bxa4 49. Rb6 Bb5 50. Rb7 Re2 51. Bd4 f6 52. Rb8+ Kh7 53.
Rc8 Rd2 54. Rc7+ Kh6 55. Bf2 Bf4 56. Re1 Bxc7 57. Re7 Bg3 58. Be3+ f4 59. Bxd2 Kg5 60. Re6 Kf5 61. Rb6 Ke5 62. Bc3+ Kd5 63. Bxf6 Kc5 64.
Rb8 a5 65. Be7+ Kc6 66. Rg8 Bd3 67. Rf8 Bf5 68. Bf6 a4 69. Ra8 Bc2 70. Ra6+ Kb5 71. Ra8 Kc4 72. Be5 Kd3 73. Ra7 Ke2 74. Ra5 Bf2+ 75. Kh1 Bg3 76. Bd6 Bb3 77. Ra8 Kd2 78. Rd8 Kc2 79. Rf8 Kb1 80. Bxf4 a3 81. Bxg3 hxg3 82.
Rb8 Kb2 83. Ra8 a2 84. Kg1 a1=Q+ 85. Rxa1 Kxa1 86. Kf1 Bc4+ 87. Ke1 Kb2 88. Kd2 Bf1 89. Ke3 Bxg2 90. Kf4 Kc3 91. Kxg3 Bf1 92. h4 Be2 93.
Kg4 Kd4 94. Kg5 Bd3 95. h5 gxh5 96. Kxh5 Ke3 97. Kg4 Be2 98. Kg5 Bxf3 1/2-1/2

[Event "Late-Titled-Tuesday-Blitz-August-29-2023"]
[Site "Chess.com"]
[Date "2023.08.29"]
[Round "9"]
[White "Rutricks"]
[Black "Sinquefield"]
[Result "1/2-1/2"]
[WhiteElo "2624"]
[BlackElo "2460"]
[TimeControl "180+1"]
[EndTime "15:45:14 PDT"]
[Termination "Game drawn by 50-move rule"]

1. Nf3 d6 2. b3 Nf6 3. Bb2 Nbd7 4. d4 c6 5. g3 Qc7 6. Bg2 e5 7. O-O Be7 8. c4 O-O 9. Nc3 Re8 10. Qc2 Bf8 11. dxe5 dxe5 12. Rad1 Nc5 13. a3 a5 14. Bc1 Bg4 15. Be3 Bh5 16. Nh4 Ne6 17. Qb2 Rad8 18. Ra1 Nd4 19. b4 axb4 20. axb4 Ng4 21.
Bc1 Be7 22. h3 Nf6 23. Be3 Bf8 24. g4 Bg6 25. Nxg6 hxg6 26. Rfd1 Qb6 27. Rab1 Qa6 28. b5 Qa5 29. Bd2 cxb5 30. Nxb5 Qa4 31. Nxd4 exd4 32. Qb5 Qxb5 33. Rxb5 Rxe2 34. Bxb7 Ne4 35. Be1 d3 36. Kf1 d2 37. Bxe4 Rxe4 38. Bxd2 Rxc4 39. Ke2 Rcd4 40. Rb2 Ba3 41. Rc2 Bb4 42. Bxb4 Rxd1 43. Be7 R8d7 44. Rc8+ Kh7 45. Bg5 R1d5 46. Be3 f6 47. Kf3 g5 48.
Re8 Kg6 49. Rh8 Re5 50. h4 gxh4 51. Rxh4 Rde7 52. Rh1 Re4 53. Rh3 f5 54. g5 Rg4 55.
Rh1 Rxg5 56. Bxg5 Kxg5 57. Rg1+ Kf6 58. Ra1 g5 59. Ra6+ Re6 60. Ra8 g4+ 61. Kg3 Kg5 62.
Rg8+ Rg6 63. Rf8 Rf6 64. Rg8+ Rg6 65. Rf8 Rh6 66. Rg8+ Kf6 67. Ra8 Ke5 68. Ra5+ Kf6 69. Kf4 Rh5 70. Ra6+ Kg7 71. Ke5 Rh2 72. Kxf5 Rxf2+ 73. Kxg4 Rf6 74. Ra7+ Rf7 75. Ra2 Rf6 76. Re2 Rg6+ 77.
Kf5 Rf6+ 78. Kg5 Rg6+ 79. Kf4 Rf6+ 80. Kg3 Rg6+ 81. Kf2 Rf6+ 82. Ke1 Kf7 83. Rh2 Re6+ 84. Kd2 Rf6 85. Kd3 Rf3+ 86. Ke4 Rf6 87. Rh7+ Kg6 88. Ra7 Rf7 89. Ra6+ Rf6 90. Ra3 Rf1 91. Rg3+ Kf6 92. Rh3 Re1+ 93. Kf3 Ra1 94. Rh8 Ra3+ 95. Kf4 Ra4+ 96.
Ke3 Ra3+ 97. Kd4 Ra4+ 98. Kc5 Ra5+ 99. Kb6 Re5 100. Rf8+ Ke7 101. Rf1 Re6+ 102. Kc5 Rf6 103. Re1+ Kd7 104. Ra1 Rf5+ 105. Kd4 Rh5 106. Ra7+ Kc6 107. Ra6+ Kd7 108. Rg6 Ke7 109. Rg4 Kf6 110. Rf4+ Ke6 111. Rf1 Rh4+ 112. Kc5 Rh5+ 113. Kc6 Rh2 114. Re1+ Kf5 115. Rf1+ Ke4 116. Rc1 Rh8 117. Kd7 Rh7+ 118. Ke6 Rh6+ 119. Kf7 Ke5 120. Rc5+ Kf4 121. Ra5 Rb6 122. Ra4+ Ke5 123. Ra1 1/2-1/2

[Event "Late-Titled-Tuesday-Blitz-August-29-2023"]
[Site "Chess.com"]
[Date "2023.08.29"]
[Round "9"]
[White "Grebeniuk-S"]
[Black "Haykoooo0o"]
[Result "1/2-1/2"]
[WhiteElo "2599"]
[BlackElo "2470"]
[TimeControl "180+1"]
[EndTime "15:45:37 PDT"]
[Termination "Game drawn - insufficient material"]

1. d4 d5 2. Nf3 Nf6 3. Bg5 Ne4 4. Bh4 c5 5. Nbd2 Nxd2 6. Qxd2 cxd4 7. Nxd4 Nc6 8. e3 Qb6 9. c3 Nxd4 10. exd4 Bf5 11. Be2 e6 12. O-O Bd6 13. a4 O-O 14.
a5 Qc7 15. Bg3 Bxg3 16. hxg3 Rab8 17. Ra4 Rfc8 18. Rfa1 Qe7 19. Rb4 Qc7 20. Qf4 Qxf4 21. gxf4 h6 22. f3 g5 23. fxg5 hxg5 24. Kf2 Rc7 25. Ke3 Kg7 26. Ra3 Re8 27. f4 gxf4+ 28. Kxf4 f6 29. Ra1 Bg6 30. Bf3 Ree7 31. Ke3 Rcd7 32.
Kd2 e5 33. dxe5 fxe5 34. Re1 Kf6 35. Bg4 Rd6 36. Rf1+ Kg7 37. Bc8 b6 38. a6 d4 39.
cxd4 Rxd4+ 40. Rxd4 exd4 41. Bf5 Rf7 42. g4 Bxf5 43.
gxf5 Kf6 44. Kd3 Ke5 45. Re1+ Kd5 46. Rf1 Ke5 47. Re1+ Kd5 48. Re8 Rxf5 49. Re7 Rf3+ 50. Ke2 Rb3 51. Rxa7 Rxb2+ 52. Kd3 Rb3+ 53. Kc2 Ra3 54.
Ra8 Kc4 55. a7 Kb4 56. Kb2 Ra6 57. Rd8 Rxa7 58. Rxd4+ Kc5 59. Rh4 Rc7 60. Rh5+ Kc6 61. Rh6+ Kb7 62. Kb3 Rd7 63. Rh3 Re7 64. Rg3 Ka6 65.
Rh3 Re5 66. Rg3 Kb5 67. Rh3 Rf5 68. Rg3 Ka5 69. Rh3 b5 70. Rg3 Re5 71. Rh3 Re1 72.
Rg3 Rb1+ 73. Kc2 Rb4 74. Ra3+ Kb6 75. Rh3 Rf4 76. Kb3 Ka5 77. Re3 Rg4 78. Rh3 Rg1 79.
Kb2 b4 80. Kb3 Rb1+ 81. Ka2 Rc1 82. Kb3 Rb1+ 83. Ka2 Rf1 84. Rh5+ Ka4 85. Rh4 Rf2+ 86. Kb1 Kb3 87. Rh3+ Ka4 88. Rh8 Ka3 89. Rh3+ b3 90.
Rh1 Rb2+ 91. Ka1 Ra2+ 92. Kb1 Rg2 93. Rf1 Rh2 94. Rg1 Rf2 95. Rh1 Re2 96. Rg1 Rd2 97.
Rh1 Rd4 98. Rg1 Kb4 99. Rh1 Re4 100. Rg1 Re3 101. Rh1 Kc3 102. Rc1+ Kb4 103. Rh1 Rf3 104. Rg1 Ka3 105. Rh1 b2 106. Rg1 Kb3 107. Rh1 Re3 108. Rg1 Rd3 109. Rh1 Rc3 110. Rg1 Ka3 111. Rh1 Rb3 112. Rg1 Re3 113. Rh1 Kb3 114. Rg1 Rc3 115. Rh1 Rc1+ 116. Rxc1 bxc1=Q+ 117.
Kxc1 1/2-1/2

[Event "Late-Titled-Tuesday-Blitz-August-29-2023"]
[Site "Chess.com"]
[Date "2023.08.29"]
[Round "10"]
[White "TreinadorBR"]
[Black "ferrufino64"]
[Result "1-0"]
[WhiteElo "2315"]
[BlackElo "2133"]
[TimeControl "180+1"]
[EndTime "15:47:36 PDT"]
[Termination "TreinadorBR won by resignation"]

1. e4 e5 2. Nf3 Nc6 3. Bc4 Bc5 4. b4 Bxb4 5. c3 Ba5 6. d4 exd4 7.
O-O Nge7 8. Ng5 O-O 9. Qh5 h6 10. Nxf7 Rxf7 11. Bxf7+ Kh8 12. Bxh6 g6 13. Bxg6 Nxg6 14.
Bg5+ Kg8 15. Qxg6+ 1-0

[Event "Late-Titled-Tuesday-Blitz-August-29-2023"]
[Site "Chess.com"]
[Date "2023.08.29"]
[Round "10"]
[White "Quattroporte300"]
[Black "Mesa_1"]
[Result "0-1"]
[WhiteElo "2399"]
[BlackElo "2544"]
[TimeControl "180+1"]
[EndTime "15:48:39 PDT"]
[Termination "Mesa_1 won by resignation"]

1. e4 d6 2. d4 Nf6 3. Nc3 Nc6 4. Nf3 g6 5. Be2 Bg7 6. O-O O-O 7. h3 a6 8. Be3 b5 9. a3 Bb7 10. Qd2 e5 11. d5 Ne7 12. a4 b4 13. Na2 Nxe4 14.
Qd3 Nf6 15. Nxb4 e4 16. Qb3 exf3 17. Bxf3 Rb8 18. Qd3 a5 19. Nc6 Bxc6 20. dxc6 Rxb2 21.
Bd4 Rb8 22. Qc3 Nfd5 23. Bxd5 Nxd5 24. Qxa5 Bxd4 25. Qxd5 Bxa1 26. Rxa1 Qf6 0-1

[Event "Late-Titled-Tuesday-Blitz-August-29-2023"]
[Site "Chess.com"]
[Date "2023.08.29"]
[Round "10"]
[White "Der_Honigdachs"]
[Black "Ajedrez_con_German"]
[Result "1-0"]
[WhiteElo "2536"]
[BlackElo "2641"]
[TimeControl "180+1"]
[EndTime "15:48:55 PDT"]
[Termination "Der_Honigdachs won by resignation"]

1. e4 e6 2. d4 d5 3. Nd2 dxe4 4.
Nxe4 Nd7 5. Nf3 Ngf6 6. Nxf6+ Nxf6 7. Be3 Bd6 8. Bb5+ Bd7 9. a4 O-O 10. Qe2 a6 11. Bd3 Bc6 12. O-O Bxf3 13. Qxf3 c6 14.
c3 Nd5 15. Bd2 Qf6 16. Qe4 g6 17. g3 a5 18. Rae1 Rfe8 19. Bb1 Bf8 20. h4 Bg7 21. Bg5 Qf5 22. Qg2 Qg4 23. f3 Bxd4+ 24. Kh2 Qh5 25. g4 1-0

[Event "Late-Titled-Tuesday-Blitz-August-29-2023"]
[Site "Chess.com"]
[Date "2023.08.29"]
[Round "10"]
[White "Dr_crypt"]
[Black "b_6"]
[Result "0-1"]
[WhiteElo "2335"]
[BlackElo "2477"]
[TimeControl "180+1"]
[EndTime "15:49:14 PDT"]
[Termination "b_6 won by resignation"]

1. d4 d5 2. c4 c6 3. cxd5 cxd5 4. Bf4 Nf6 5. e3 Nc6 6. Nc3 a6 7. Bd3 Bg4 8. Qb3 Na5 9. Qa4+ b5 10.
Qc2 Rc8 11. a3 e6 12. h3 Bh5 13. Nge2 Bxe2 14. Qxe2 Bd6 15. Bxb5+ axb5 16. Qxb5+ Nc6 17.
Rc1 Bxf4 18. exf4 O-O 19. Ne2 Nxd4 0-1

[Event "Late-Titled-Tuesday-Blitz-August-29-2023"]
[Site "Chess.com"]
[Date "2023.08.29"]
[Round "10"]
[White "DampFalcon"]
[Black "trriinu"]
[Result "1-0"]
[WhiteElo "2360"]
[BlackElo "2221"]
[TimeControl "180+1"]
[EndTime "15:49:42 PDT"]
[Termination "DampFalcon won by resignation"]

1. e4 g6 2. Nf3 Bg7 3. d4 d6 4.
Nc3 Nd7 5. Be3 c6 6. Be2 Qc7 7. O-O Nh6 8. Qd2 Ng4 9. Bf4 e5 10.
Bg3 h5 11. h3 Nh6 12. Rad1 Kf8 13. dxe5 dxe5 14. Ng5 Bf6 15. f4 Qb6+ 16. Kh1 Kg7 17.
fxe5 Bxe5 18. Bxe5+ Nxe5 19. Qf4 Qc7 20. Qf6+ Kg8 21. Rd8+ Qxd8 22. Qxd8+ Kg7 23. Qf6+ Kg8 24. Qxe5 Bd7 25. Bc4 Rf8 1-0

[Event "Late-Titled-Tuesday-Blitz-August-29-2023"]
[Site "Chess.com"]
[Date "2023.08.29"]
[Round "10"]
[White "SchmakAttack"]
[Black "DishonorOnYourCow"]
[Result "1-0"]
[WhiteElo "2778"]
[BlackElo "2559"]
[TimeControl "180+1"]
[EndTime "15:49:52 PDT"]
[Termination "SchmakAttack won by resignation"]

1. Nf3 d5 2. b3 Nf6 3. Bb2 g6 4.
e3 Bg7 5. Be2 O-O 6. O-O c5 7. d3 Nc6 8. Ne5 Qc7 9. Nxc6 Ng4 10.
Nxe7+ Qxe7 11. Bxg7 Qh4 12. Bxg4 Bxg4 13. f3 Kxg7 14.
fxg4 Rae8 15. Nc3 Qg5 16. e4 d4 17. Nd5 f5 18. gxf5 gxf5 19. Rf3 Kh8 20. Qf1 1-0

[Event "Late-Titled-Tuesday-Blitz-August-29-2023"]
[Site "Chess.com"]
[Date "2023.08.29"]
[Round "10"]
[White "DawidCzerw"]
[Black "WildBizon"]
[Result "0-1"]
[WhiteElo "2513"]
[BlackElo "2728"]
[TimeControl "180+1"]
[EndTime "15:50:22 PDT"]
[Termination "WildBizon won by resignation"]

1. d4 Nf6 2. c4 b6 3. f3 Nc6 4. e4 e5 5. Ne2 exd4 6. Nxd4 Bb4+ 7. Bd2 Nxe4 8. Nxc6 Qh4+ 9. g3 Nxg3 10. Nxb4 Nxh1+ 11. Ke2 Qxh2+ 12. Ke3 Qe5+ 13. Kd3 Nf2+ 14. Kc2 Nxd1 15. Kxd1 Qxb2 16. Bc3 Qf2 17. Nd2 O-O 18. Bd3 Re8 19.
Kc2 Re1 20. Bxh7+ Kxh7 21. Nd3 Rxa1 22. Nxf2 Rxa2+ 23. Kb3 Rxd2 24. Bxd2 Bb7 0-1

[Event "Late-Titled-Tuesday-Blitz-August-29-2023"]
[Site "Chess.com"]
[Date "2023.08.29"]
[Round "10"]
[White "Roedor"]
[Black "egnfanclub"]
[Result "1-0"]
[WhiteElo "2436"]
[BlackElo "2312"]
[TimeControl "180+1"]
[EndTime "15:50:25 PDT"]
[Termination "Roedor won by resignation"]

1. d4 d5 2. c4 c6 3. Nf3 Nf6 4. e3 e6 5. b3 Nbd7 6. Bd3 Bb4+ 7. Nbd2 Ne4 8. O-O Nxd2 9. Bxd2 Bxd2 10. Qxd2 Nf6 11.
b4 dxc4 12. Bxc4 O-O 13. Ne5 Nd7 14. Nd3 Qe7 15. Rfc1 e5 16. d5 cxd5 17. Bxd5 Nf6 18. Bb3 Rd8 19. Qc3 e4 20. Nf4 Bf5 21. b5 Rac8 22.
Qa5 b6 23. Qe1 g5 24. Rxc8 Bxc8 25. Ne2 Be6 26. Nd4 Bxb3 27. axb3 Nd5 28. Nc6 1-0